cohdb
Replays
Latest Replays
All Replays
Popular Replays
Top Player Replays
Match Explorer
How It Works
Community
CoH3 Stats
Reddit
Sign in to upload your games and track your stats! →
Sign in with Steam
Match 38695874
Unlisted
Match 38695874
Overview
Messages
Build Orders
End
Panzergrenadier Squad
Selects Battlefield Espionage Battlegroup
Panzergrenadier Squad
250 Light Carrier
Panzergrenadier Squad
Construct Light Support Kompanie
Fire Support Elements
Flakvierling Half-track
Pak 38 Mechanized Group
Selects 250/3 Funkpanzerwagen
2.5-tonne Medical Truck
Veteran Squad Leaders
Construct Mechanized Kompanie
le.IG 18 Support Gun Team
Vehicle Survival Package
Pak 38 Mechanized Group
Construct Panzerarmee Kommand
Selects Anti-Tank Incendiary Munitions
Selects Intel Disruption Beacon
Selects Plunder
Armored Reserves
Hawker Typoon
FeriG
0
0
Comments
sign in to comment!
No comments posted yet!